 Dungeon Crawl Stone Soup version 0.18.1-8-gdd0e5ea (webtiles) character file.

589 shmeve the Shield-Bearer (level 7, -12/91 HPs)
             Began as a Minotaur Berserker on May 26, 2016.
             Was a Priest of Trog.
             Mangled by an orc warrior
             ... wielding a +0 mace
              (21 damage)
             ... on level 4 of the Dungeon.
             The game lasted 00:05:39 (3319 turns).

shmeve the Shield-Bearer (Minotaur Berserker)       Turns: 3319, Time: 00:05:40

Health: -12/91     AC:  2    Str: 29    XL:     7   Next: 15%
Magic:  6/6        EV: 10    Int:  4    God:    Trog [***...]
Gold:   143        SH: 13    Dex:  9    Spells: 0 memorised, 6 levels left

rFire  + . .     SeeInvis .     a - +0 hand axe
rCold  . . .     Gourm    .     b - +0 animal skin
rNeg   . . .     Faith    .     r - +2 shield {rF+}
rPois  .         Spirit   .     (helmet restricted)
rElec  .         Dismiss  .     (no cloak)
rCorr  +         Reflect  .     (no gloves)
SustAt .         Harm     .     (no boots)
MR     .....                    (no amulet)
Stlth  ..........               u - ring of resist corrosion
                                o - ring of loudness (curse)

@: berserking, very quick, not resistant to hostile enchantments, extremely
unstealthy
A: retaliatory headbutt, horns 2
a: Berserk, Trog's Hand, Burn Spellbooks, Renounce Religion


You were on level 4 of the Dungeon.
You worshipped Trog.
Trog was most pleased with you.
You were not hungry.

You visited 1 branch of the dungeon, and saw 4 of its levels.

You collected 143 gold pieces.

Inventory:

Hand Weapons
 a - a +0 hand axe (weapon)
Armour
 b - a +0 animal skin (worn)
 r - a +2 shield of fire resistance (worn)
Jewellery
 o - a cursed ring of loudness (left hand)
 u - a ring of resist corrosion (right hand)
Wands
 z - a wand of lightning (1/15)
Scrolls
 d - 4 scrolls of noise {unknown}
 e - a scroll of magic mapping {unknown}
 g - 3 scrolls of identify {unknown}
 i - 2 scrolls of teleportation {unknown}
 j - 3 scrolls of remove curse {unknown}
 k - a scroll of amnesia {unknown}
 n - a scroll of enchant weapon {unknown}
 p - 2 scrolls of enchant armour {unknown}
 x - a scroll of fear {unknown}
 y - a scroll of recharging {unknown}
 A - a scroll of blinking {unknown}
 B - a scroll of fog {unknown}
Potions
 h - 4 potions of might {unknown}
 l - 3 potions of mutation {unknown}
 m - 2 potions of haste {unknown}
 s - a potion of cancellation {unknown}
 t - a potion of curing {unknown}
 v - 2 potions of resistance {unknown}
 w - 2 potions of invisibility {unknown}
Comestibles
 c - 4 bread rations
 f - 2 slices of pizza
 q - a meat ration


   Skills:
 * Level 5.5 Fighting
 * Level 5.3 Axes
 + Level 3.8 Armour
 + Level 3.3 Dodging
 * Level 5.6 Shields


You had 6 spell levels left.
You didn't know any spells.

Dungeon Overview and Level Annotations

Branches:
Dungeon (4/15)
 Temple: D:4-7

Altars:
Dithmenos
Trog
Xom


Innate Abilities, Weirdness & Mutations

You reflexively headbutt those who attack you in melee.
You have a pair of horns on your head.


Message History

You're too exhausted to go berserk.
Eat which item? (? for menu, Esc to quit)
The orc warrior hits you but does no damage.
You continue eating.
You feel less exhausted. You block the orc warrior's attack.
You continue eating.
The orc warrior barely misses you. You furiously retaliate!
You headbutt the orc warrior.
You finish eating.
That meat ration really hit the spot!
A red film seems to cover your vision as you go berserk!
You feel yourself moving faster!
You feel mighty!
You feel somewhat more hungry. The orc warrior hits you with a mace!
* * * LOW HITPOINT WARNING * * *
You barely miss the orc warrior.
The orc warrior is moderately wounded.
You hit the orc warrior. Your headbutt misses the orc warrior.
The orc warrior is heavily wounded.
The orc warrior hits you with a mace!!
You die...

#.##.. ####.##.#
#####.........
##(..##.#..##.#
#....[#.#..##.#
#.)...#.#..##.## #
#.....#.........
##?###')..##.......#.
#..o@.###'#.......###
##[###+ #...#......#.
# ##...........
#..###.##... #..#
#.##### #.## #.# ..#
#. ... ##.


You could see an orc warrior.

Vanquished Creatures
  Sigmund (D:3)
  A howler monkey (D:4)
  The ghost of ApocalypseSquid1 the Grasshopper, a weakling HEWr (D:4)
  3 crimson imps (D:3)
  2 hounds
  A jelly (D:4)
  An orc priest (D:4)
  A hound skeleton (D:4)
  4 adders
  An ooze (D:2)
  A worm (D:3)
  2 dart slugs
  2 giant geckos (D:1)
  4 orcs
  5 bats
  A giant cockroach (D:1)
  12 hobgoblins
  7 jackals (D:1)
  A quokka (D:2)
  A ball python (D:1)
  3 giant newts
  9 goblins
  3 kobolds
  6 rats
73 creatures vanquished.

Notes
Turn   | Place    | Note
--------------------------------------------------------------
     0 | D:1      | shmeve the Minotaur Berserker began the quest for the Orb.
     0 | D:1      | Reached XP level 1. HP: 19/19 MP: 0/0
   370 | D:1      | Reached XP level 2. HP: 26/27 MP: 1/1
   613 | D:1      | Reached ** piety under Trog
   764 | D:1      | Reached XP level 3. HP: 25/33 MP: 2/2
  1133 | D:2      | Found a bloodstained altar of Trog.
  1135 | D:2      | You fall through a shaft for 2 floors!
  1142 | D:4      | Reached XP level 4. HP: 41/41 MP: 3/3
  1271 | D:3      | Found a shimmering altar of Xom.
  1459 | D:2      | Reached skill level 1 in Shields
  2257 | D:3      | Reached XP level 5. HP: 26/47 MP: 4/4
  2639 | D:3      | Reached XP level 6. HP: 53/53 MP: 5/5
  2834 | D:3      | Found a shadowy altar of Dithmenos.
  2837 | D:3      | Noticed Sigmund
  2854 | D:3      | Killed Sigmund
  2854 | D:3      | Reached *** piety under Trog
  2854 | D:3      | Reached skill level 5 in Fighting
  2854 | D:3      | Reached skill level 5 in Axes
  2854 | D:3      | Reached skill level 5 in Shields
  3270 | D:4      | Noticed ApocalypseSquid1's ghost (weakling HEWr)
  3275 | D:4      | Killed ApocalypseSquid1's ghost
  3275 | D:4      | Reached XP level 7. HP: 61/61 MP: 6/6
  3319 | D:4      | Mangled by an orc warrior

Skill      XL: |  1  2  3  4  5  6 |
---------------+-------------------+-----
Fighting       | 4 5 |  5.5
Axes           | 4 5 |  5.3
Armour         | 3 |  3.8
Shields        | 2 4 5 |  5.6
Dodging        | 3 |  3.3

Action                   |  1- 3 |  4- 6 |  7- 9 || total
-------------------------+-------+-------+-------++-------
Melee: Hand axe          |    47 |   120 |    15 ||   182
       Headbutt          |     9 |    11 |     3 ||    23
Invok: Berserk           |     1 |     2 |     1 ||     4
 Stab: Sleeping          |     2 |       |       ||     2
       Distracted        |       |     1 |       ||     1
  Eat: Chunk             |     1 |     8 |       ||     9
       Meat ration       |       |       |     1 ||     1
Armor: Animal skin       |     8 |    11 |     2 ||    21
Dodge: Dodged            |    49 |    64 |     3 ||   116
Block: Shield            |       |    25 |    10 ||    35
